 Dungeon Crawl Stone Soup version 0.28.0 (webtiles) character file.

Game seed: 6443241191758093108

316 dolemite99 the Skirmisher (level 6, 0/48 HPs)
             Began as a Demonspawn Berserker on Feb 9, 2022.
             Was a Believer of Trog.
             Slain by a gnoll (12 damage)
             ... on level 6 of the Dungeon.
             The game lasted 00:03:12 (4065 turns).

dolemite99 the Skirmisher (Demonspawn Berserker)    Turns: 4065, Time: 00:03:12

Health: 0/48       AC:  5    Str: 20    XL:     6   Next: 20%
Magic:  6/6        EV: 11    Int:  8    God:    Trog [**....]
Gold:   242        SH:  0    Dex: 12    Spells: 5/5 levels left

rFire   . . .      SeeInvis .   a - +2 dagger (venom)
rCold   . . .      Faith    .   (no shield)
rNeg    . . .      Spirit   .   p - +0 leather armour
rPois   .          Reflect  .   (helmet restricted)
rElec   .          Harm     .   (no cloak)
rCorr   .          Rampage  .   (no gloves)
Will    ++...                   (no boots)
Stlth   +.........              (no amulet)
HPRegen 1.16/turn               (no ring)
MPRegen 0.10/turn               (no ring)

@: strong-willed, regenerating
A: antennae 1, yellow scales 1, powered by pain 1
a: Renounce Religion, Berserk, Trog's Hand


You were on level 6 of the Dungeon.
You worshipped Trog.
Trog was pleased with you.
You visited 1 branch of the dungeon, and saw 5 of its levels.

You collected 242 gold pieces.

Inventory:

Hand Weapons
 a - a +2 dagger of venom (weapon)
 b - a +0 hunting sling
 r - a +0 hand axe
Missiles
 c - 100 arrows
 d - 98 stones (quivered)
 k - 5 poisoned darts
Armour
 i - a +0 animal skin
 p - a +0 leather armour (worn)
Scrolls
 g - 4 scrolls of identify {unknown}
 h - a scroll of vulnerability {unknown}
 j - a scroll of fog {unknown}
 m - a scroll of silence {unknown}
 n - a scroll of summoning {unknown}
 o - a scroll of magic mapping {unknown}
 s - a scroll of teleportation {unknown}
Potions
 e - 2 potions of magic {unknown}
 f - a potion of berserk rage {unknown}
 l - a potion of attraction {unknown}
 q - a potion of ambrosia {unknown}


   Skills:
 + Level 4.3 Fighting
 - Level 3.0 Short Blades
 - Level 3.6 Axes
 + Level 3.3 Armour
 - Level 1.7 Dodging


You had 5 spell levels left.
You didn't know any spells.
Your spell library was empty.

Dungeon Overview and Level Annotations

Branches:
Dungeon (4/15)
 Temple: D:4-7

Altars:


Innate Abilities, Weirdness & Mutations

You have a pair of small antennae on your head.
You are partially covered in yellow scales. (AC +2)
You sometimes gain a little power by taking damage.


Message History

Found 13 gold pieces.
You now have 242 gold pieces (gained 13).
There are no items here.
A gnoll comes into view.
It is wielding a +0 whip. 2 gnolls come into view.
A gnoll is wielding a +0 flail of protection.
Found a ring mail.
The gnoll shouts!
You hear a shout!
A gnoll comes into view. It is wielding a +0 flail.
The gnoll shouts!
There are monsters nearby!
There are monsters nearby!
The gnoll hits you with a +0 whip! The gnoll hits you with a +0 whip.
You barely miss the gnoll. The gnoll barely misses you.
You hit the gnoll.
The gnoll is poisoned.
The gnoll is lightly wounded.
The gnoll closely misses you.
You closely miss the gnoll.
The gnoll is lightly wounded.
You hit the gnoll but do no damage.
The gnoll looks as sick as possible!
The gnoll is lightly wounded.
The gnoll completely misses you.
You hit the gnoll but do no damage.
The gnoll looks as sick as possible!
The gnoll is heavily wounded.
The gnoll barely misses you.
Your skin crawls.
You feel strong-willed. The gnoll hits you with a +0 whip.
You hit the gnoll.
You kill the gnoll!
Trog accepts your kill.
You hit the gnoll.
The gnoll is poisoned.
The gnoll is heavily wounded.
The gnoll hits you with a +0 flail!
* * * LOW HITPOINT WARNING * * *
You hit the gnoll. Your punch misses the gnoll.
The gnoll is severely wounded.
The gnoll hits you with a +0 flail!
You die...

##### #@gg##
#....###g##
. #.#.#
##.## ...
#..#
##.###.^g.g
#..
#.g.......
#..#
##.####..[.
#.#.## ##..#
.
#....###.#.#
#....##.#


You could see 3 gnolls.

Vanquished Creatures
  A shadow (D:6)
  A hound (D:3)
  A bullfrog skeleton (D:3)
  An iguana (D:6)
  A gnoll (D:6)
  An adder (D:2)
  A dart slug (D:3)
  3 orcs (D:3)
  8 endoplasms
  A giant cockroach (D:2)
  3 goblins
  2 hobgoblins
  3 quokkas (D:2)
  8 ball pythons
  5 bats
  3 frilled lizards
  6 kobolds
  9 rats
58 creatures vanquished.

Notes
Turn   | Place    | Note
-------+----------+-------------------------------------------
     0 | D:1      | dolemite99 the Demonspawn Berserker began the quest for the
                  | Orb.
     0 | D:1      | Reached XP level 1. HP: 18/18 MP: 1/1
    43 | D:1      | Found a faded altar of an unknown god.
   423 | D:1      | Gained mutation: You sometimes gain a little power by
                  | taking damage. [demonic ancestry]
   423 | D:1      | Reached XP level 2. HP: 19/24 MP: 2/2
  1909 | D:2      | Gained mutation: You are partially covered in yellow
                  | scales. (AC +2) [demonic ancestry]
  1909 | D:2      | Reached XP level 3. HP: 29/29 MP: 3/3
  2046 | D:2      | Reached skill level 1 in Short Blades
  2333 | D:2      | Reached ** piety under Trog
  3129 | D:3      | Reached XP level 4. HP: 35/35 MP: 4/4
  3593 | D:4      | You fall into a shaft and drop 2 floors!
  3593 | D:6      | Noticed a shadow
  3609 | D:6      | Killed a shadow
  3610 | D:6      | Reached skill level 4 in Fighting
  3610 | D:6      | Reached XP level 5. HP: 7/42 MP: 5/5
  3610 | D:6      | Gained mutation: You have a pair of small antennae on your
                  | head. [demonic ancestry]
  3610 | D:6      | Reached XP level 6. HP: 8/48 MP: 6/6
  3986 | D:6      | Noticed a sky beast
  4065 | D:6      | Slain by a gnoll

Illustrated notes

Levels and vault maps discovered:
D:1:      wander_arrival_lonely_grave, layout_basic,
          shapermc_ecumenical_altar_totnotflames,
          hangedman_abyss_or_decor_lesser_grid, minmay_circled_x
D:2:      layout_loops_cross, serial_bayou_pond_d
D:3:      layout_loops_corners, st_stairs_12, minmay_misc_feat_square
D:4:      layout_loops_ring, nicolae_ru_awakened_eye, okawaru_trees_1,
          minmay_temple_entry_waves, serial_shops, shop, shop, shop
D:6:      layout_loops_cross, grunt_temple_overflow_open, uniq_maggie,
          uniq_pikel

Skill      XL: |  1  2  3  4 |
---------------+-------------+-----
Axes           | 3 |  3.6
Short Blades   | 2 3 |  3.0
Armour         | 3 |  3.3
Fighting       | 4 |  4.3
Dodging        | |  1.7

Action                   |  1- 3 |  4- 6 || total
-------------------------+-------+-------++-------
Melee: Hand axe          |    53 |    11 ||    64
       Dagger            |    62 |    24 ||    86
       Punch             |     1 |       ||     1
 Fire: Hunting sling     |     1 |       ||     1
Throw: Stone             |    42 |     1 ||    43
Invok: Berserk           |     5 |     1 ||     6
       Trog's Hand       |       |     2 ||     2
 Stab: Sleeping          |     1 |       ||     1
Armor: Animal skin       |    19 |       ||    19
       Leather armour    |    18 |     2 ||    20
Dodge: Dodged            |    78 |     9 ||    87
